 Dungeon Crawl Stone Soup version 0.18.1-47-g9310371 (webtiles) character file.

115 matakusis the Caller (level 4, -4/24 HPs)
             Began as a Deep Elf Summoner on June 19, 2016.
             Slain by Malvoorn's ghost (14 damage)
             ... on level 3 of the Dungeon.
             The game lasted 00:18:03 (3280 turns).

matakusis the Caller (Deep Elf Summoner)            Turns: 3280, Time: 00:18:04

Health: -4/24      AC:  6    Str:  9    XL:     4   Next: 68%
Magic:  2/12       EV: 13    Int: 21    God:
Gold:   154        SH:  0    Dex: 15    Spells: 4 memorised, 2 levels left

rFire  . . .     SeeInvis .     j - +2 dagger (speed)
rCold  . . .     Gourm    .     a - +0 robe
rNeg   . . .     Faith    .     (no shield)
rPois  .         Spirit   .     (no helmet)
rElec  .         Dismiss  .     h - +2 cloak
rCorr  .         Reflect  .     (no gloves)
SustAt .         Harm     .     f - +0 pair of boots
MR     .....                    (no amulet)
Stlth  ++........               (no ring)
                                m - ring "Nistroaff" {Wiz Str+4}

@: very slightly contaminated, not resistant to hostile enchantments, unstealthy
A: no striking features
a: no special abilities


You were on level 3 of the Dungeon.
You were not hungry.

You visited 1 branch of the dungeon, and saw 3 of its levels.

You collected 154 gold pieces.

Inventory:

Hand Weapons
 j - a +2 dagger of speed (weapon)
 o - a +0 quarterstaff
Missiles
 s - 3 needles of confusion
Armour
 a - a +0 robe (worn)
 f - a +0 pair of boots (worn)
 h - a +2 cloak (worn)
Jewellery
 m - the ring "Nistroaff" (left hand) {Wiz Str+4}
   (You found it on level 1 of the Dungeon)

   [ring of wizardry]

   It improves your spell success rate.
   It affects your strength (+4).
Scrolls
 d - 2 scrolls of remove curse
 k - 3 scrolls of recharging {unknown}
 l - a scroll of blinking {unknown}
 n - a scroll of identify
Potions
 p - a potion of cure mutation
Books
 b - a book of Callings

   Spells                             Type                      Level
   a - Summon Small Mammal            Summoning                    1
   b - Call Imp                       Summoning                    2
   c - Call Canine Familiar           Summoning                    3
   d - Summon Guardian Golem          Hexes/Summoning              3
   e - Summon Lightning Spire         Summoning/Air                4
   f - Summon Ice Beast               Ice/Summoning                4
Comestibles
 c - 4 bread rations
 g - 4 fruits
 i - a slice of pizza
 q - a chunk of flesh


   Skills:
 + Level 2.6 Dodging
 - Level 2.4 Stealth
 + Level 4.8 Spellcasting
 - Level 0.3 Hexes
 * Level 5.6 Summonings
 - Level 0.8 Air Magic


You had 2 spell levels left.
You knew the following spells:

 Your Spells              Type           Power        Failure   Level  Hunger
a - Summon Small Mammal   Summ           ####         1%          1    None
b - Call Imp              Summ           ####....     1%          2    None
c - Summon Guardian Gole  Hex/Summ       ###.....     4%          3    ##.....
d - Summon Lightning Spi  Summ/Air       ###.....     14%         4    ####...


Dungeon Overview and Level Annotations

Branches:
Dungeon (3/15)

Altars:
Trog

Annotations:
D:3 Malvoorn's ghost, amateur DsGl


Message History

Your lightning spire shoots out a bolt of lightning at Malvoorn's ghost!
The bolt of electricity hits Malvoorn's ghost.
Casting: Summon Guardian Golem
Confirm with . or Enter, or press ? or * to list all spells.
A guardian golem appears, shielding your allies.
Malvoorn's ghost hits you!
Your lightning spire shoots out a bolt of lightning at Malvoorn's ghost!
The bolt of electricity misses Malvoorn's ghost.
You swap places.
Malvoorn's ghost barely misses you.
Your lightning spire shoots out a bolt of lightning at Malvoorn's ghost!
The bolt of electricity hits Malvoorn's ghost.
Malvoorn's ghost hits you!
* * * LOW HITPOINT WARNING * * *
Drink which item? (? for menu, Esc to quit)
You feel better. Malvoorn's ghost closely misses you.
Read which item? (? for menu, Esc to quit)
Okay, then.
Malvoorn's ghost hits you!
Ouch! That really hurt!
You die...

#.##.# #....#### #.##.#
####..... #.##.####
#.#### #.##....# #.##..
#######.##....####.##.#
#..................#..#
#.###..................
#.# #......(..######..#
#.###.@....8>..........
#.....W8....########.##
#.......###'########+##
##....####.......##....
#....####.......##....
#....#..........##....
#....#.)........###+#.
#.....................
#.....................


You could see Malvoorn's ghost, a friendly guardian golem and a friendly
lightning spire.

Vanquished Creatures
  A bat (D:3)
  A goblin (D:2)
  A hobgoblin (D:2)
3 creatures vanquished.

Vanquished Creatures (collateral kills)
  Ijyb (D:2)
  10 adders
  3 oozes
  A worm (D:2)
  A dart slug (D:1)
  2 giant geckos
  2 giant cockroaches (D:1)
  10 goblins
  3 hobgoblins
  5 jackals (D:1)
  A ball python (D:3)
  5 bats
  8 giant newts
  5 kobolds
  7 rats
64 creatures vanquished.

Grand Total: 67 creatures vanquished

Notes
Turn   | Place    | Note
--------------------------------------------------------------
     0 | D:1      | matakusis the Deep Elf Summoner began the quest for the Orb.
     0 | D:1      | Reached XP level 1. HP: 10/10 MP: 6/6
   744 | D:1      | Reached XP level 2. HP: 15/15 MP: 2/8
   749 | D:1      | Learned a level 2 spell: Call Imp
   988 | D:1      | Got a faintly glowing bone ring
   991 | D:1      | Identified the ring "Nistroaff" {Wiz Str+4} (You found it on level 1 of the Dungeon)
  1154 | D:1      | Reached skill level 5 in Summonings
  1165 | D:2      | Noticed Ijyb
  1179 | D:2      | Killed Ijyb
  1179 | D:2      | Reached XP level 3. HP: 19/19 MP: 3/10
  1548 | D:2      | Learned a level 3 spell: Summon Guardian Golem
  1906 | D:2      | Found a bloodstained altar of Trog.
  2094 | D:3      | Reached XP level 4. HP: 24/24 MP: 7/12
  2100 | D:3      | Learned a level 4 spell: Summon Lightning Spire
  2321 | D:3      | Noticed a phantom
  2348 | D:3      | Noticed Malvoorn's ghost (amateur DsGl)
  3280 | D:3      | Slain by Malvoorn's ghost

Skill      XL: |  1  2  3 |
---------------+----------+-----
Summonings     | 5 |  5.6
Spellcasting   | 4 |  4.8
Dodging        | |  2.6
Stealth        | |  2.4
Hexes          | |  0.3
Air Magic      | |  0.8

Action                   |  1- 3 |  4- 6 || total
-------------------------+-------+-------++-------
Melee: Unarmed           |     4 |       ||     4
       Dagger            |     7 |    11 ||    18
 Cast: Summon Small Mamm |    21 |       ||    21
       Call Imp          |    25 |     6 ||    31
       Summon Guardian G |     3 |     5 ||     8
       Summon Lightning  |       |    13 ||    13
  Use: Scroll            |     6 |     1 ||     7
       Potion            |     2 |     1 ||     3
  Eat: Chunk             |     4 |     6 ||    10
Armor: Robe              |     6 |     7 ||    13
Dodge: Dodged            |    19 |    23 ||    42
